 Dungeon Crawl Stone Soup version 0.28.0-53-g5a82cb258f (webtiles) character file.

Game seed: 13619641094949231183

650 LadyOphelia the Chopper (level 7, -2/67 HPs)
             Began as a Deep Dwarf Berserker on July 3, 2022.
             Was a Believer of Trog.
             Slain by Duvessa
             ... wielding a +0 short sword
              (6 damage)
             ... on level 4 of the Dungeon.
             The game lasted 00:15:19 (3755 turns).

LadyOphelia the Chopper (Deep Dwarf Berserker)      Turns: 3755, Time: 00:15:19

Health: -2/67      AC:  2    Str: 22    XL:     7   Next: 28%
Magic:  4/4        EV: 13    Int:  8    God:    Trog [**....]
Gold:   134        SH:  0    Dex: 12    Spells: 6/6 levels left

rFire   . . .      SeeInvis .   a - +0 hand axe
rCold   . . .      Faith    .   (no shield)
rNeg    . . .      Spirit   .   b - +0 animal skin
rPois   .          Reflect  .   (no helmet)
rElec   .          Harm     .   (no cloak)
rCorr   .          Rampage  .   (no gloves)
Will    +....                   (no boots)
Stlth   +.........              (no amulet)
HPRegen 0.00/turn               (no ring)
MPRegen 0.09/turn               (no ring)

@: on berserk cooldown, slowed, very slow
A: damage resistance, heal wounds, sense surroundings 1, no regeneration
a: Heal Wounds, Renounce Religion, Berserk, Trog's Hand


You were on level 4 of the Dungeon.
You worshipped Trog.
Trog was pleased with you.
You visited 1 branch of the dungeon, and saw 4 of its levels.

You collected 134 gold pieces.

Inventory:

Hand Weapons
 a - a +0 hand axe (weapon)
Armour
 b - a +0 animal skin (worn)
Wands
 q - a wand of acid (11)
Scrolls
 c - 3 scrolls of teleportation
 d - a scroll of fog {unknown}
 e - 4 scrolls of enchant armour
 l - 2 scrolls of enchant weapon {unknown}
 m - a scroll of immolation {unknown}
 o - a scroll of vulnerability {unknown}
Potions
 f - 2 potions of flight {unknown}
 g - a potion of brilliance {unknown}
 h - a potion of mutation {unknown}
 i - a potion of curing
 j - 2 potions of degeneration {unknown}
 k - a potion of ambrosia {unknown}
 n - 2 potions of heal wounds {unknown}
 p - a potion of haste {unknown}


   Skills:
 * Level 5.4 Fighting
 + Level 6.4 Axes
 + Level 2.2 Armour
 + Level 4.1 Dodging


You had 6 spell levels left.
You didn't know any spells.
Your spell library was empty.

Dungeon Overview and Level Annotations

Branches:
Dungeon (4/15)
 Temple: D:4-7

Altars:
Qazlal
Wu Jian
The Shining One

Shops:
D:2 :

Annotations:
D:4 Duvessa


Innate Abilities, Weirdness & Mutations

You are resistant to damage.
You can heal yourself by infusing magical energy.
You passively map a small area around you.
You do not regenerate.


Message History

You barely miss the steam dragon.
The steam dragon is heavily wounded.
You slash Duvessa! Duvessa barely misses you.
You slash the steam dragon!
The steam dragon is almost dead.
You closely miss Duvessa. Duvessa hits you with a +0 short sword!
The steam dragon bites you. The steam dragon barely misses you.
You barely miss the steam dragon.
The steam dragon is almost dead.
You barely miss Duvessa. Duvessa hits you with a +0 short sword!
The steam dragon bites you but does no damage.
The steam dragon claws you.
You hit the steam dragon but do no damage.
The steam dragon is almost dead.
You barely miss Duvessa. Duvessa hits you with a +0 short sword!
* * * LOW HITPOINT WARNING * * *
You slash the steam dragon!
You kill the steam dragon!
Trog accepts your kill.
You slash Duvessa! Duvessa closely misses you.
Your Dodging skill increases to level 4!
You slash Duvessa!
Duvessa is heavily wounded.
Duvessa misses you.
You closely miss Duvessa.
Duvessa is heavily wounded.
Duvessa hits you with a +0 short sword.
* * * LOW HITPOINT WARNING * * *
You closely miss Duvessa.
Duvessa is heavily wounded.
You are no longer berserk.
You are exhausted.
You feel yourself slow down. Duvessa hits you with a +0 short sword!
* * * LOW HITPOINT WARNING * * *
You closely miss Duvessa.
Duvessa is heavily wounded.
Duvessa hits you with a +0 short sword!
* * * LOW HITPOINT WARNING * * *
Duvessa hits you with a +0 short sword!
You die...

#.####.# #.......# #.##..####
#. ####.# #.......#
#.>......####. #,#....#
#.......###..#..##......
#.#.##.#
#............#..........
#.#.##.#
#.......#.>....###......
#......#
#.......#.##.#####.####.
###.#### #.......#.##.......#
#) #.# * **#.e...######## #.
#.######## #@###.## #.
#.#......## #.# #..#### #####.
#.#.......# #.###.....###.[...
#.#..###..####......###.##.####
#...........######.## ##.#.####
###.)###..#........# #.....##
#.......########.## ##.#.#...
#......## ##.###†##.#.##
######## ##.(.........


You could see Duvessa (berserk).

Vanquished Creatures
  Sigmund (D:4)
  A steam dragon (D:4)
  2 scorpions (D:4)
  Dowan (D:4)
  A hound (D:4)
  2 iguanas (D:4)
  Robin (D:2)
  6 adders
  A howler monkey skeleton (D:3)
  A shadow imp (D:3)
  An adder skeleton (D:4)
  2 dart slugs
  An orc (D:4)
  3 ball pythons
  3 endoplasms
  2 giant cockroaches
  12 goblins
  8 hobgoblins
  2 jackals (D:1)
  3 quokkas
  3 bats
  4 frilled lizards
  6 kobolds
  5 rats
72 creatures vanquished.

Notes
Turn   | Place    | Note
-------+----------+-------------------------------------------
     0 | D:1      | LadyOphelia the Deep Dwarf Berserker began the quest for
                  | the Orb.
     0 | D:1      | Reached XP level 1. HP: 20/20 MP: 1/1
   526 | D:1      | Reached XP level 2. HP: 19/28 MP: 2/2
   985 | D:2      | Noticed Robin
   986 | D:2      | Reached XP level 3. HP: 28/34 MP: 3/3
   993 | D:2      | Reached ** piety under Trog
   995 | D:2      | Reached skill level 4 in Axes
  1012 | D:2      | Killed Robin
  1113 | D:2      | Found Jaw Qiecw's Book Shoppe.
  1285 | D:2      | Reached XP level 4. HP: 21/44 MP: 3/3
  1669 | D:3      | Found a faded altar of an unknown god.
  1802 | D:3      | Found a stormy altar of Qazlal.
  1802 | D:3      | Found an ornate altar of the Wu Jian Council.
  3219 | D:4      | Noticed a scorpion
  3234 | D:4      | Killed a scorpion
  3235 | D:4      | Reached skill level 5 in Axes
  3235 | D:4      | Reached XP level 5. HP: 18/50 MP: 4/4
  3283 | D:4      | Found a glowing golden altar of the Shining One.
  3284 | D:4      | Noticed Sigmund
  3327 | D:4      | Killed Sigmund
  3328 | D:4      | Reached XP level 6. HP: 34/60 MP: 4/4
  3423 | D:4      | Reached skill level 5 in Fighting
  3536 | D:4      | Reached skill level 6 in Axes
  3731 | D:4      | Noticed Dowan
  3732 | D:4      | Noticed Duvessa
  3732 | D:4      | Noticed a steam dragon
  3744 | D:4      | Killed Dowan
  3745 | D:4      | Reached XP level 7. HP: 62/67 MP: 4/4
  3751 | D:4      | Killed a steam dragon
  3755 | D:4      | Slain by Duvessa

Illustrated notes

Levels and vault maps discovered:
D:1:      onia_arrival_pyramid, layout_basic
D:2:      layout_basic, serial_shops, nicolae_shop_window_shopping, uniq_robin
D:3:      layout_rooms, mainiacjoe_overflow_divided_tiny,
          shapermc_ecumenical_altar_pompeii, minmay_misc_feat_x,
          minmay_misc_feat_doors, minmay_large_rounded_square, hex_medium,
          minmay_misc_feat_enclosed
D:4:      layout_loops_cross, amcnicky_altar_gilded, uniq_sigmund, uniq_duvessa

Skill      XL: |  1  2  3  4  5  6  7 |
---------------+----------------------+-----
Fighting       | 3 4 5 |  5.4
Axes           | 4 5 6 |  6.4
Dodging        | 3 4 |  4.1
Armour         | |  2.2

Action                   |  1- 3 |  4- 6 |  7- 9 || total
-------------------------+-------+-------+-------++-------
Melee: Hand axe          |   110 |   189 |    10 ||   309
       Punch             |     2 |     2 |       ||     4
Invok: Berserk           |       |     1 |       ||     1
 Abil: Heal Wounds       |     4 |     8 |       ||    12
  Use: Scroll            |       |     2 |       ||     2
Armor: Animal skin       |    32 |    23 |     2 ||    57
Dodge: Dodged            |   102 |   127 |     5 ||   234
